 Dungeon Crawl Stone Soup version 0.30-a0-800-g7c544603b3 (webtiles) character file.

Game seed: 14884292698258073249

4417 NinjaNoafa the Summoner (level 10, -45/56 HPs)
             Began as a Merfolk Summoner on Feb 22, 2023.
             Was a Follower of Hepliaklqana.
             Killed by an exploding themself (67 damage)
             ... ignited by their inner flame
             ... on level 7 of the Dungeon.
             The game lasted 00:29:47 (6175 turns).

NinjaNoafa the Summoner (Merfolk Summoner)          Turns: 6175, Time: 00:29:48

Health: -45/56     AC: 10    Str: 12    XL:     10   Next: 36%
Magic:  16/22      EV: 12    Int: 17    God:    Hepliaklqana [*.....]
Gold:   463        SH:  5    Dex: 19    Spells: 16/25 levels left

rFire   x . .      SeeInvis +    J - +8 spear of Miag {heavy, Str+2 Int+2 Dex+4 SInv}
rCold   . . .      Faith    .    f - +0 buckler
rNeg    . . .      Spirit   .    y - +3 leather armour of Dim Light {rF- Will+++ Int-2 Stlth+}
rPois   .          Reflect  .    (no helmet)
rElec   .          Harm     .    (no cloak)
rCorr   .          Rampage  .    (no gloves)
Will    +++..                    (no boots)
Stlth   +++                      c - amulet of regeneration
HPRegen 1.09/turn                K - +4 ring of protection
MPRegen 0.18/turn                (no ring)

@: no status effects
A: reduced essence, (nimble swimmer 2), mertail
a: Renounce Religion, Recall Ancestor, Ancestor Identity


You were on level 7 of the Dungeon.
You worshipped Hepliaklqana.
Hepliaklqana was aware of your devotion.
You visited 2 branches of the dungeon, and saw 8 of its levels.

You collected 463 gold pieces.

Inventory:

Hand Weapons
 J - the +8 spear of Miag (weapon) {heavy, Str+2 Int+2 Dex+4 SInv}
   (You found it on level 7 of the Dungeon)

   Str:       It affects your strength (+2).
   Int:       It affects your intelligence (+2).
   Dex:       It affects your dexterity (+4).
   SInv:      It lets you see invisible.
Missiles
 e - 13 poisoned darts
 D - 7 boomerangs
 I - a curare-tipped dart
Armour
 f - a +0 buckler (worn)
 y - the +3 leather armour of Dim Light (worn) {rF- Will+++ Int-2 Stlth+}
   (You found it on level 4 of the Dungeon)

   Int:       It affects your intelligence (-2).
   rF:        It makes you vulnerable to fire.
   Will:      It greatly increases your willpower.
   Stlth:     It makes you more stealthy.
Magical Staves
 b - a staff of air
 L - a staff of poison
Jewellery
 c - an amulet of regeneration (around neck)
 K - a +4 ring of protection (left hand)
Wands
 l - a wand of roots (10)
 q - a wand of mindburst (17)
Scrolls
 d - 4 scrolls of blinking
 h - a scroll of silence {unknown}
 k - a scroll of acquirement {unknown}
 m - 2 scrolls of fear {unknown}
 o - 4 scrolls of poison
 r - 3 scrolls of magic mapping {unknown}
 s - a scroll of butterflies {unknown}
 u - a scroll of enchant armour {unknown}
 w - 2 scrolls of amnesia
 B - a scroll of noise {unknown}
 C - a scroll of immolation {unknown}
 E - a scroll of teleportation {unknown}
 G - a scroll of brand weapon {unknown}
Potions
 a - a potion of experience {unknown}
 g - a potion of magic
 i - 2 potions of brilliance
 j - 2 potions of lignification
 n - a potion of heal wounds
 p - a potion of might {unknown}
 t - 2 potions of berserk rage
 v - a potion of flight
 x - 2 potions of cancellation
 A - 2 potions of ambrosia
 F - a potion of resistance {unknown}
 H - 2 potions of mutation


   Skills:
 + Level 6.9 Polearms
 + Level 2.4 Armour
 - Level 2.6 Dodging
 - Level 2.1 Stealth
 + Level 2.0 Shields
 - Level 8.4 Spellcasting
 - Level 5.0 Hexes
 - Level 9.1 Summonings


You had 16 spell levels left.
You knew the following spells:

 Your Spells              Type           Power      Damage    Failure   Level
a - Summon Small Mammal   Summ           100%       N/A       1%          1
b - Call Imp              Summ           38%        N/A       1%          2
c - Call Canine Familiar  Summ           38%        N/A       1%          3
d - Summon Guardian Gole  Hex/Summ       31%        N/A       2%          3

Your spell library contained the following spells:

 Spells                   Type           Power      Damage    Failure   Level
 Freeze                   Ice            28%        1d5       17%         1
 Cigotuvi's Dreadful Rot  Necr/Pois/Air  14%        N/A       26%         2
 Poisonous Vapours        Pois/Air       14%        N/A       26%         2
 Summon Lightning Spire   Summ/Air       22%        N/A       26%         4
 Frozen Ramparts          Ice            14%        1d3       45%         3
 Hailstorm                Conj/Ice       7%         3d4       45%         3
 Mephitic Cloud           Conj/Pois/Air  7%         N/A       45%         3
 Dispel Undead            Necr           7%         3d8       86%         4
 Death Channel            Necr           3%         N/A       100%        6


Dungeon Overview and Level Annotations

Branches:
Dungeon (7/15)             Temple (1/1) D:6

Altars:
Ashenzari
Cheibriados
Dithmenos
Fedhas
Hepliaklqana
Kikubaaqudgha
Makhleb
Okawaru
Ru
Sif Muna
Trog
Uskayaw
Vehumet
Xom

Shops:
D:4 :

Annotations:
D:2 1 runed translucent door, Crazy Yiuf


Innate Abilities, Weirdness & Mutations

Your life essence is reduced to manifest your ancestor. (-10% HP)
((You are very nimble when in or above water. (Stealth+, EV+, Speed+++)))
Your lower body shifts to a powerful aquatic tail in water.


Message History

The orc wizard barely misses your wolf.
Your wolf bites the orc wizard!
The orc wizard dies!
Your Shields skill increases to level 2!
You puncture the orc wizard!
The orc wizard is severely wounded.
Your wolf misses the orc wizard.
Your crimson imp blinks!
The orc wizard gestures at you while chanting.
The magic dart hits you.
Your wolf closely misses the orc wizard.
You hit the orc wizard.
You kill the orc wizard!
A cyclops comes into view.
Casting: Summon Small Mammal (safe; 1% risk of failure)
Confirm with . or Enter, or press ? or * to list all spells.
A guardian golem appears, shielding your allies.
The cyclops throws a large rock.
The large rock hits your crimson imp!!
Your crimson imp dies!
Your crimson imp disappears in a puff of smoke!
Your wolf bites the cyclops but does no damage.
Your wolf bites the cyclops!
The cyclops throws a large rock.
The large rock hits you!!!
Ouch! That really hurt!
* * * LOW HITPOINT WARNING * * *
Items here: )) [[ †.
Your wolf bites the cyclops.
Your wolf completely misses the cyclops.
Things that are here:
a +0 dagger; a +0 robe; an orc corpse Unknown command.
Your wolf bites the cyclops.
The cyclops hits your guardian golem!!
Your wolf bites the cyclops but does no damage.
Your guardian golem overheats!
Your wolf bites the cyclops but does no damage.
The cyclops hits your guardian golem!!
Your guardian golem disappears in a puff of smoke!
Your guardian golem explodes!
The fiery explosion engulfs you!!! The fire burns you terribly!
Ouch! That really hurt!
You die...

########## #.........
#......... #.§hC.....
##.§§§..... #..@§§.....
## #######.R........
...##...##)).........
##.........#.........
####.<.#.>.####.........
#....###.<.# #####.####
..###.)....#### .#
##....##......# .#
...#####.###..#


You could see the friendly themarg the ancestor (sheltered), a cyclops (ally
target) and a friendly wolf (summoned, sheltered).

Vanquished Creatures
  A water moccasin (D:7)
  A sky beast (D:6)
  An ice beast (D:7)
  An ogre (D:5)
  A centaur (D:6)
  A phantom (D:6)
  A howler monkey (D:7)
  A hound (D:5)
  4 orc wizards
  An adder (D:3)
  An ufetubus (D:5)
  5 orcs
  A goblin (D:1)
  A quokka (D:3)
  3 ball pythons
  2 bats (D:2)
  A frilled lizard (D:1)
  2 kobolds
29 creatures vanquished.

Vanquished Creatures (collateral kills)
  A water moccasin (D:6)
  A sky beast (D:6)
  An ice beast (D:7)
  2 phantoms (D:4)
  A kobold brigand (D:6)
  2 necrophages
  3 scorpions
  2 bullfrogs (D:7)
  3 killer bees (D:7)
  A howler monkey (D:5)
  5 orc priests
  2 hounds (D:5)
  Jessica (D:2)
  5 iguanas
  6 orc wizards
  8 gnolls
  7 adders
  3 worms
  A dart slug (D:2)
  23 orcs
  8 endoplasms
  5 giant cockroaches
  5 goblins
  5 hobgoblins
  3 jackals (D:2)
  13 kobolds
  7 quokkas
  10 ball pythons
  7 bats
  4 frilled lizards
  A rat (D:2)
146 creatures vanquished.

Vanquished Creatures (others)
  Pikel (D:6)
  Grinder (D:3)
  Prince Ribbit (D:5)
  2 water moccasins (D:7)
  2 orc warriors
  3 ogres
  A centaur (D:5)
  3 killer bees (D:7)
  2 orc priests (D:4)
  An iguana (D:6)
  2 orc wizards
  2 orcs (D:6)
  4 plants (D:3)
  3 withered plants (D:3)
28 creatures vanquished.

Grand Total: 203 creatures vanquished

Notes
Turn   | Place    | Note
-------+----------+-------------------------------------------
     0 | D:1      | NinjaNoafa the Merfolk Summoner began the quest for the
                  | Orb.
     0 | D:1      | Reached XP level 1. HP: 13/13 MP: 3/3
   154 | D:1      | Reached XP level 2. HP: 19/19 MP: 1/5
   157 | D:1      | Learned a level 2 spell: Call Imp
   464 | D:1      | Reached XP level 3. HP: 24/24 MP: 1/7
   655 | D:1      | Learned a level 3 spell: Call Canine Familiar
   848 | D:2      | Found a burning altar of Makhleb.
   885 | D:2      | Noticed Jessica
   921 | D:2      | Killed Jessica
   922 | D:2      | Reached XP level 4. HP: 6/30 MP: 1/8
  1110 | D:2      | Reached skill level 5 in Summonings
  1452 | D:2      | Found a runed translucent door.
  1453 | D:2      | Noticed Crazy Yiuf
  1550 | D:2      | Learned a level 3 spell: Summon Guardian Golem
  1580 | D:2      | Reached skill level 1 in Hexes
  1580 | D:2      | Reached XP level 5. HP: 35/35 MP: 2/10
  1974 | D:3      | Noticed Grinder
  1990 | D:3      | Killed Grinder
  1991 | D:3      | Reached XP level 6. HP: 41/41 MP: 5/11
  2073 | D:3      | Reached skill level 5 in Hexes
  2191 | D:3      | Found a blossoming altar of Fedhas.
  2191 | D:3      | Found an ancient bone altar of Kikubaaqudgha.
  2477 | D:4      | Reached XP level 7. HP: 40/46 MP: 6/12
  2520 | D:4      | Found Ingexzen's Book Shoppe.
  2716 | D:4      | Reached skill level 5 in Spellcasting
  2789 | D:4      | Reached XP level 8. HP: 51/52 MP: 1/15
  2845 | D:4      | Identified the +3 leather armour of Dim Light {rF- Will+++
                  | Int-2 Stlth+}
  3295 | D:5      | Entered Level 5 of the Dungeon
  3735 | D:5      | Reached skill level 5 in Polearms
  3866 | D:5      | Reached skill level 6 in Summonings
  4103 | D:5      | Noticed Prince Ribbit
  4130 | D:5      | Killed Prince Ribbit
  4165 | D:5      | Reached skill level 7 in Summonings
  4197 | D:5      | Reached XP level 9. HP: 12/57 MP: 11/18
  4474 | D:6      | Noticed Pikel
  4500 | D:6      | Killed Pikel
  4517 | D:6      | Reached skill level 8 in Summonings
  5029 | D:6      | Found a staircase to the Ecumenical Temple.
  5038 | Temple   | Entered the Ecumenical Temple
  5215 | Temple   | Became a worshipper of Hepliaklqana the Forgotten
  5311 | D:6      | Reached skill level 9 in Summonings
  5504 | D:7      | Identified the +8 spear of Miag {heavy, Str+2 Int+2 Dex+4
                  | SInv}
  5746 | D:7      | Reached XP level 10. HP: 63/63 MP: 18/22
  5823 | D:7      | Reached skill level 1 in Armour
  5927 | D:7      | Reached * piety under Hepliaklqana
  6046 | D:7      | Reached skill level 1 in Shields
  6168 | D:7      | Noticed a cyclops
  6175 | D:7      | Killed by an exploding themself... ignited by their inner
                  | flame

Illustrated notes

Levels and vault maps discovered:
D:1:      sevenhm_arrival_forest_fort_large_2, layout_basic,
          chequers_serial_rivers_micro_b
D:2:      minmay_chambers_of_twos, layout_basic, basic_altar,
          kennysheep_jessica_study, uniq_crazy_yiuf_cottage
D:3:      layout_rooms, grunt_temple_overflow_growth_and_decay, uniq_grinder
D:4:      layout_cave_pods, serial_shops, nicolae_square_shop
D:5:      layout_loops_corners, uniq_prince_ribbit1
D:6:      layout_basic, lemuel_temple_firewalk_b, minmay_crystal_water,
          uniq_pikel
D:7:      layout_rooms, serial_shops, kennysheep_little_box, minivault_5
Temple:   mainiacjoe_temple_big_plus

Skill      XL: |  1  2  3  4  5  6  7  8  9 10 |
---------------+-------------------------------+-----
Spellcasting   | 3 5 6 8 |  8.4
Summonings     | 5 7 9 |  9.1
Hexes          | 1 4 5 |  5.0
Polearms       | 3 5 6 |  6.9
Armour         | 2 |  2.4
Shields        | 2 |  2.0
Dodging        | |  2.6
Stealth        | |  2.1

Action                     |  1- 3 |  4- 6 |  7- 9 | 10-12 || total
---------------------------+-------+-------+-------+-------++-------
  Melee: Short sword       |     6 |    27 |     5 |       ||    38
         Staff             |       |     3 |       |       ||     3
         Spear             |       |       |    52 |    37 ||    89
         Punch             |       |       |     2 |       ||     2
         Trident           |       |       |    82 |       ||    82
   Cast: Summon Small Mamm |    24 |    17 |    28 |     2 ||    71
         Call Imp          |     8 |    16 |    17 |     3 ||    44
         Call Canine Famil |     2 |    20 |    28 |     4 ||    54
         Summon Guardian G |       |     2 |    23 |     9 ||    34
 Invoke: Recall Ancestor   |       |       |       |     4 ||     4
         Ancestor Identity |       |       |       |     2 ||     2
    Use: Potion            |       |     1 |       |       ||     1
         Scroll            |       |       |    10 |     2 ||    12
   Stab: Sleeping          |       |     2 |     3 |       ||     5
         Distracted        |       |     1 |     3 |       ||     4
 Armour: Robe              |     9 |    16 |    16 |       ||    41
         Leather armour    |       |       |       |    12 ||    12
  Dodge: Dodged            |    30 |    56 |    83 |    24 ||   193
  Block: Buckler           |       |       |       |     2 ||     2

Table legend: (Time is in decaauts)
 A = Elapsed time spent in this place.
 B = Non-inter-level travel time spent in this place.
 C = Inter-level travel time spent in this place.
 D = Time resting spent in this place.
 E = Time spent auto-exploring this place.
 F = Levels seen in this place.
 G = Mean time per level.
                   A        B        C        D        E       F      G
               +--------+--------+--------+--------+--------+-----+--------+
         Total |   6170 |   5066 |   1104 |      0 |    472 |   8 |  771.2 |
       Dungeon |   5970 |   4907 |   1063 |      0 |    466 |   7 |  852.9 |
        Temple |    199 |    158 |     41 |      0 |      6 |   1 |  199.0 |
               +--------+--------+--------+--------+--------+-----+--------+

Top non-repeatable levels by time:
     D:5: 1098 daAuts
     D:4: 1002 daAuts
     D:2: 905 daAuts
     D:6: 889 daAuts
     D:1: 845 daAuts
     D:3: 702 daAuts
     D:7: 527 daAuts
  Temple: 199 daAuts
